AoeStats
← a.arias.age

Arabia

509974355Analyzed
4v4 RM · 4d ago on Sep 28, 2026· 33m 47s· 8 players
Game mode
Random Map
Map size
Large (8 player)
Population
200
Speed
Normal
Resources
Standard
Victory
Conquest
Starting age
Dark Age
Ending age
Imperial Age
RankedLock teamsTeams togetherTeam positionsShared explorationLock speedFull tech treeHidden civsTurbo modeCheats
Victory
Defeat
1369
+10
🇨🇴 Saxons · Colombia
1256
+14
🇨🇴 Vietnamese · Colombia
1206
+16
🇨🇴 Mongols · Colombia
1067
+22
🇪🇸 Huns · Spain
1285
-18
🇪🇸 Ethiopians · Spain
1216
-16
🇪🇸 Goths · Spain
1197
-15
🇪🇸 Bulgarians · Spain
1144
-13
vagos.fran
6:28 Loom
9:08 Feudal Age
9:38 Double-Bit Axe
11:20 Horse Collar
14:46 Town Watch
16:37 Bloodlines
18:45 Scale Barding Armor
22:50 Forging
25:46 Castle Age
26:54 Chain Barding Armor
28:00 Wheelbarrow
27:37 Husbandry
32:40 Iron Casting
32:31 Hand Cart
DS_Jaspe
6:43 Loom
10:15 Feudal Age
10:21 Man-at-Arms
24:39 Wheelbarrow
32:12 Castle Age
32:52 Town Watch
Trinidad
3:53 Loom
10:59 Feudal Age
12:16 Double-Bit Axe
15:04 Wheelbarrow
20:23 Scale Barding Armor
20:43 Forging
22:29 Bloodlines
25:51 Castle Age
24:25 Scale Mail Armor
24:10 Horse Collar
24:23 Gold Mining
25:57 Pikeman
27:15 Iron Casting
26:58 Chain Mail Armor
27:14 Squires
27:37 Chain Barding Armor
29:33 Light Cavalry
32:27 Hand Cart
32:40 Husbandry
a.arias.age
6:28 Loom
9:17 Feudal Age
13:58 Forging
14:42 Scale Barding Armor
JuCamCar1
5:41 Loom
9:10 Feudal Age
9:49 Double-Bit Axe
16:42 Wheelbarrow
19:59 Castle Age
18:12 Horse Collar
18:24 Gold Mining
20:45 Bloodlines
20:42 Husbandry
24:33 Scale Barding Armor
25:05 Stone Mining
29:00 Chain Barding Armor
29:11 Heavy Plow
30:51 Hand Cart
33:49 Fletching
34:00 Padded Archer Armor
jaimeerp
7:12 Loom
9:41 Feudal Age
10:28 Double-Bit Axe
11:45 Fletching
15:31 Padded Archer Armor
22:56 Wheelbarrow
25:31 Castle Age
26:33 Crossbowman
27:21 Horse Collar
28:38 Hand Cart
29:43 Bodkin Arrow
30:56 Thumb Ring
31:58 Leather Archer Armor
calmilo
8:14 Feudal Age
11:35 Loom
28:18 Castle Age
27:36 Horse Collar
27:43 Double-Bit Axe
27:52 Fletching
28:03 Padded Archer Armor
28:58 Bodkin Arrow
28:53 Crossbowman
30:25 Bow Saw
31:13 Leather Archer Armor
33:18 Thumb Ring
El Chileno del Norte
6:45 Loom
9:40 Feudal Age
10:17 Double-Bit Axe
12:18 Horse Collar
15:34 Bloodlines
16:09 Forging
17:17 Scale Barding Armor
19:18 Town Watch
29:52 Castle Age
28:29 Gold Mining
31:22 Iron Casting
31:47 Wheelbarrow
31:24 Bow Saw
31:16 Heavy Plow
32:20 Husbandry
34:40 Hand Cart
Connection lost

Rejoining the realm…

Still unreachable

The connection could not be restored.

Session expired

The server has moved on; the page needs a fresh start.